Map: Dusty Gorge

Players

PureLegacy - Winner!

  • Race: Terran Terran
  • Spawn Location: 11:00

Darling - Winner!

  • Race: Zerg Zerg
  • Spawn Location: 9:00

JuLong

  • Race: Zerg Zerg
  • Spawn Location: 3:00

DEVIN

  • Race: Terran Terran
  • Spawn Location: 5:00

VOD

Have the link to the VOD?

Description

Time

  • Played on: Nov. 21, 2018, 8:10 a.m.
  • Length: 3:36
Show
View Real Time Build Order
Export as new Build Order

PureLegacy Terran - Winner!

Build Orders:  

Get SALT Encoding   

  12  0:00  SCV  
  13  0:13  SCV  
  14  0:18  Supply Depot  
  14  0:25  SCV  
  15  0:30  Refinery  
  15  0:39  SCV  
  16  0:46  Barracks  
  16  0:52  SCV  
  17  1:04  Barracks  
  17  1:18  Barracks  
  17  1:20  SCV  
  18  1:34  Reaper  
  19  1:42  Orbital Command  
  19  1:49  Refinery  
  19  1:53  Reaper  
  20  1:59  Supply Depot  
  20  2:07  Reaper  
  21  2:08  Reaper  
  21  2:12  SCV  
  23  2:25  Reaper  
  23  2:26  Supply Depot  
  23  2:28  SCV  
  25  2:39  Reaper  
  25  2:40  SCV  
  27  2:45  Reaper  
  28  2:57  Reaper  
  30  3:25  Command Center  
Show
View Real Time Build Order
Export as new Build Order

Darling Zerg - Winner!

Build Orders: Pool First 

Get SALT Encoding   

  12  0:01  Drone  
  13  0:23  Extractor  
  13  0:26  Spawning Pool  
  11  0:29  Drone  
  12  0:36  Drone  
  12  0:39  Drone  
  14  0:48  Overlord  
  14  1:13  Zergling x6  
  14  1:17  Queen  
  19  1:28  Metabolic Boost  
  19  1:32  Zergling x2  
  20  1:36  Zergling x2  
  21  1:46  Zergling x2  
  22  2:03  Hatchery  
  21  2:12  Overlord  
  21  2:17  Zergling x2  
  22  2:30  Zergling x2  
  22  2:31  Zergling x6  
  26  2:42  Zergling x2  
  27  3:04  Zergling x6, Overlord  
  28  3:16  Drone  
Show
View Real Time Build Order
Export as new Build Order

JuLong Zerg 

Build Orders: Pool First 

Get SALT Encoding   

  12  0:01  Drone  
  13  0:12  Overlord  
  13  0:18  Drone  
  14  0:23  Extractor  
  14  0:24  Drone  
  14  0:33  Drone  
  15  0:36  Drone  
  16  0:51  Spawning Pool  
  16  0:53  Drone  
  17  0:57  Drone  
  17  1:11  Overlord  
  17  1:25  Drone  
  18  1:38  Zergling x2  
  18  1:39  Metabolic Boost  
  19  1:42  Zergling x2  
  19  1:44  Queen  
  22  1:51  Zergling x2  
  23  2:02  Zergling x2  
  24  2:11  Zergling x2  
  25  2:21  Zergling x2  
  26  2:25  Hatchery  
  25  2:33  Zergling x2  
  26  2:50  Zergling x2  
  23  3:02  Zergling x8  
Show
View Real Time Build Order
Export as new Build Order

DEVIN Terran 

Build Orders:  

Get SALT Encoding   

  12  0:01  SCV  
  13  0:13  SCV  
  14  0:18  Supply Depot  
  14  0:26  SCV  
  15  0:30  Refinery  
  15  0:40  SCV  
  16  0:48  Barracks  
  16  0:52  SCV  
  18  1:04  SCV  
  18  1:08  Barracks  
  18  1:23  Barracks  
  18  1:35  Barracks  
  18  1:39  Reaper  
  19  1:46  Refinery  
  19  1:55  Reaper  
  20  2:03  Supply Depot  
  20  2:11  Reaper x2  
  22  2:27  Reaper  
  23  2:31  Reaper  
  24  2:43  Reaper  
  25  2:47  Reaper  
  26  3:01  Reaper  
  25  3:34  Supply Depot  
Tags
 
Add a new tag
Caveats
  • Supply blocks, unpowered buildings, or Contaminate may cause inaccurate times.
  • Supply counts are checked every 10 seconds.